AoeStats
← LArcadia49

Arena

510299663Analyzed
4v4 RM · 1d ago on Sep 30, 2026· 51m 1s· 8 players
Game mode
Random Map
Map size
Large (8 player)
Population
200
Speed
Normal
Resources
Standard
Victory
Conquest
Starting age
Dark Age
Ending age
Imperial Age
RankedLock teamsTeams togetherTeam positionsShared explorationLock speedFull tech treeHidden civsTurbo modeCheats
Victory
Defeat
🇫🇷 Maya · France
1150
+15
🇷🇺 Muisca · Russia
1148
+15
🇪🇸 Spanish · Spain
1143
+15
🇺🇸 Japanese · United States
1114
+16
🇨🇳 Varangians · China
1257
-20
🇧🇷 Huns · Brazil
1111
-15
🇨🇳 Saxons · China
1082
-14
🇨🇳 Byzantines · China
1045
-12
tony.li
8:44 Loom
10:29 Feudal Age
14:09 Castle Age
12:35 Double-Bit Axe
15:15 Bow Saw
15:37 Horse Collar
18:32 Loom
19:42 Gold Mining
21:30 Wheelbarrow
21:19 Heavy Plow
26:21 Imperial Age
25:30 Fletching
25:40 Padded Archer Armor
26:08 Thumb Ring
26:30 Ballistics
26:22 Heavy Cavalry Archer
28:30 Bodkin Arrow
28:51 Leather Archer Armor
29:21 Bracer
31:20 Parthian Tactics
31:19 Husbandry
31:29 Bloodlines
33:20 Gold Shaft Mining
34:48 Chemistry
39:27 Hand Cart
38:57 Loom
44:23 Light Cavalry
44:59 Town Watch
47:40 Hussar
kiyohime
1:23 Loom
11:17 Feudal Age
12:56 Wheelbarrow
15:45 Castle Age
14:15 Double-Bit Axe
14:38 Horse Collar
17:46 Heavy Plow
17:59 Bow Saw
24:51 Hand Cart
27:51 Treadmill Crane
30:48 Imperial Age
28:20 Stone Mining
28:21 Gold Mining
30:04 Scale Barding Armor
30:10 Forging
31:09 Gold Shaft Mining
31:09 Stone Shaft Mining
31:21 Fletching
31:32 Padded Archer Armor
31:39 Crossbowman
32:26 Thumb Ring
32:50 Ballistics
32:52 Guilds
33:23 Conscription
32:33 Arbalester
33:14 Bodkin Arrow
33:35 Leather Archer Armor
35:32 Chemistry
34:40 Bracer
35:44 Heavy Camel Rider
35:49 Light Cavalry
36:31 Heavy Camel Rider
37:11 Husbandry
37:42 Chain Barding Armor
37:32 Forging
38:08 Crop Rotation
39:09 Plate Barding Armor
40:15 Iron Casting
44:02 Ring Archer Armor
43:53 Hussar
46:51 Elite Skirmisher
唐尚书右丞王维
0:37 Loom
11:49 Feudal Age
16:28 Castle Age
14:20 Horse Collar
15:22 Double-Bit Axe
16:38 Gold Mining
19:48 Fortified Wall
24:55 Wheelbarrow
32:08 Imperial Age
29:24 Crossbowman
30:08 Fletching
31:07 Ballistics
31:09 Thumb Ring
31:19 Padded Archer Armor
31:50 Bodkin Arrow
33:03 Scale Mail Armor
33:14 Forging
34:14 Conscription
34:13 Arbalester
36:02 Gold Shaft Mining
36:18 Chain Mail Armor
37:10 Hand Cart
37:19 Squires
38:11 Iron Casting
37:46 Bracer
38:58 Leather Archer Armor
40:02 Chemistry
41:50 Ring Archer Armor
41:31 Elite Hearth Troop
43:34 Plate Mail Armor
44:49 Bow Saw
44:19 Capped Ram
44:42 Elite Varangian Guard
45:24 Siege Ram
47:58 Gambesons
Raphy_shuang
10:38 Feudal Age
14:10 Castle Age
12:16 Double-Bit Axe
13:22 Horse Collar
16:44 Bow Saw
17:27 Loom
19:43 Elite Skirmisher
20:47 Fletching
23:50 Wheelbarrow
25:44 Ballistics
27:48 Bloodlines
27:39 Husbandry
27:45 Scale Barding Armor
28:55 Forging
30:12 Chain Barding Armor
31:11 Heavy Plow
33:50 Gold Mining
33:55 Stone Mining
34:38 Hand Cart
37:57 Imperial Age
36:10 Vendel Legacy
37:31 Iron Casting
38:25 Stone Shaft Mining
39:16 Hand Cart
38:33 Cavalier
39:56 Plate Barding Armor
40:32 Siege Engineers
42:24 Blast Furnace
41:55 Conscription
44:51 Treadmill Crane
46:11 Chemistry
MFN Dragon
12:41 Feudal Age
16:57 Castle Age
15:05 Man-at-Arms
16:19 Double-Bit Axe
16:22 Horse Collar
18:03 Squires
18:09 Long Swordsman
19:48 Arson
21:51 Scale Mail Armor
22:02 Forging
23:24 Heavy Plow
31:19 Wheelbarrow
30:30 Loom
33:56 Imperial Age
33:14 Hand Cart
33:22 Gambesons
33:14 Elite Skirmisher
34:17 Fletching
35:03 Iron Casting
34:44 Chain Mail Armor
34:16 Two-Handed Swordsman
34:20 Pikeman
35:40 Bodkin Arrow
35:42 Pikeman
36:31 Padded Archer Armor
38:01 Caravan
40:46 Plate Mail Armor
41:17 Blast Furnace
40:17 Bracer
42:27 Conscription
42:25 Leather Archer Armor
43:50 Chemistry
42:20 Capped Ram
47:26 Ring Archer Armor
50:13 Champion
LArcadia49
0:35 Loom
10:48 Feudal Age
15:50 Castle Age
14:36 Double-Bit Axe
14:34 Horse Collar
15:12 Fletching
15:23 Padded Archer Armor
15:13 Town Watch
17:28 Wheelbarrow
19:05 Bow Saw
26:04 Hand Cart
26:17 Gold Mining
28:18 Ballistics
28:09 Masonry
27:55 Murder Holes
29:56 Bodkin Arrow
30:17 Leather Archer Armor
34:37 Imperial Age
32:23 Heavy Plow
35:18 Bracer
35:49 Ring Archer Armor
35:46 Conscription
35:15 Elite Plumed Archer
37:05 Chemistry
38:44 Elite Skirmisher
39:28 Hul'che Javelineers
38:52 Crossbowman
39:37 Thumb Ring
50:13 Arbalester
Unlucky
10:23 Feudal Age
14:28 Castle Age
12:52 Horse Collar
13:21 Double-Bit Axe
22:43 Wheelbarrow
22:20 Heavy Plow
22:39 Bow Saw
24:05 Hand Cart
24:23 Gold Mining
24:26 Stone Mining
24:56 Town Watch
26:56 Loom
30:05 Imperial Age
28:03 Fletching
28:37 Ballistics
29:16 Thumb Ring
30:01 Bodkin Arrow
30:06 Padded Archer Armor
31:00 Stone Shaft Mining
31:04 Gold Shaft Mining
30:15 Elite Guecha Warrior
31:16 Conscription
31:24 Bracer
31:40 Leather Archer Armor
32:38 Chemistry
33:17 Herbalism
34:31 Squires
34:47 Scale Mail Armor
34:58 Forging
42:20 Masonry
42:05 Murder Holes
42:23 Masonry
41:54 Treadmill Crane
43:08 Elite Temple Guard
44:12 Chain Mail Armor
44:33 Iron Casting
46:06 Plate Mail Armor
Goyito
7:00 Loom
10:06 Feudal Age
14:09 Castle Age
13:03 Double-Bit Axe
39:08 Imperial Age
37:57 Wheelbarrow
37:18 Horse Collar
39:15 Husbandry
40:45 Bloodlines
40:27 Cavalier
47:05 Pikeman
50:27 Scale Barding Armor
50:32 Forging
49:52 Paladin
Connection lost

Rejoining the realm…

Still unreachable

The connection could not be restored.

Session expired

The server has moved on; the page needs a fresh start.